 Dungeon Sprint DCSS version 0.30-a0-779-g7971cf19c3 (webtiles) character file.

Game seed: 5763674290819071195

679 dialectric the Unseen (level 7, 0/35 (37) HPs)
             Began as a Spriggan Brigand on Feb 17, 2023.
             Killed by nerve-wracking pain
             ... invoked by Menkaure
              (5 damage)
             ... in the Dungeon (Sprint II: "The Violet Keep of Menkaure").
             The game lasted 00:02:17 (258 turns).

dialectric the Unseen (Spriggan Brigand)             Turns: 258, Time: 00:02:18

HP:   0/35 (37)     AC:  3    Str:  7    XL:     7   Next: 34%
MP:   8/8           EV: 20    Int: 13    God:
Gold: 16            SH:  0    Dex: 18    Spells: 6/6 levels left

rFire   . . .      SeeInvis +    a - +2 dagger
rCold   . . .      Faith    .    (no shield)
rNeg    . . .      Spirit   .    b - +0 robe
rPois   .          Reflect  .    (helmet restricted)
rElec   .          Harm     .    c - +0 cloak
rCorr   .          Rampage  .    (gloves unavailable)
Will    +....      NoTele   +    (boots unavailable)
Stlth   ++++++++                 g - amulet of the acrobat
HPRegen 0.25/turn                (no ring)
MPRegen 0.11/turn                (no ring)

@: drained, very quick
A: very small, no large weapons, unfitting armour, see invisible, speed 3
a: no special abilities


You were in the Dungeon.
You visited 1 branch You collected 486 gold pieces.
You spent 470 gold pieces at shops.

Inventory:

Hand Weapons
 a - a +2 dagger (weapon)
Missiles
 d - 8 poisoned darts
 e - 3 curare-tipped darts (quivered)
Armour
 b - a +0 robe (worn)
 c - a +0 cloak (worn)
Jewellery
 g - an amulet of the acrobat (around neck)
Scrolls
 k - a scroll of blinking
Potions
 h - a potion of haste
 i - 2 potions of magic


   Skills:
 + Level 4.1 Fighting
 + Level 7.0 Short Blades
 - Level 2.0 Throwing
 + Level 5.6 Dodging
 + Level 20.5 Stealth


You had 6 spell levels left.
You didn't know any spells.
Your spell library was empty.

Dungeon Overview and Level Annotations

Branches:
Dungeon (1/1)

Altars:

Shops:
D ==:?=!=[(=:[*(!

Annotations:
D exclusion: oklob plant, Menkaure


Innate Abilities, Weirdness & Mutations

You are very small and have problems with some larger weapons.
You are too small for most types of armour.
You have supernaturally acute eyesight. (SInv)
You cover ground extremely quickly. (Speed+++)


Message History

Menkaure is lightly damaged.
Menkaure hits you.
* * * LOW HITPOINT WARNING * * *
You hit Menkaure but do no damage.
Menkaure is lightly damaged.
Unknown command.
You completely miss Menkaure.
Menkaure is lightly damaged.
Menkaure completely misses you.
You hit Menkaure.
Menkaure is lightly damaged.
You hit Menkaure but do no damage.
Menkaure is lightly damaged.
Menkaure closely misses you.
You barely miss Menkaure.
Menkaure is lightly damaged.
You hit Menkaure.
Menkaure is moderately damaged.
Menkaure closely misses you.
You hit Menkaure.
Menkaure is heavily damaged.
You hit Menkaure.
Menkaure is heavily damaged.
Menkaure points at you and mumbles some strange words.
Pain shoots through your body!
* * * LOW HITPOINT WARNING * * *
You hit Menkaure.
Menkaure is heavily damaged.
Okay, then.
You hit Menkaure but do no damage.
Menkaure is heavily damaged.
Menkaure hits you.
* * * LOW HITPOINT WARNING * * *
You barely miss Menkaure.
Menkaure is heavily damaged.
You hit Menkaure.
Menkaure is heavily damaged.
Menkaure points at you and mumbles some strange words.
Pain shoots through your body!
You die...

############~~#++
###########~~~...
##∩.......#~~~~.##+##
##.∩.....∩#~~~~##...##
##∩.∩...∩.#~~~~#..#..#
##.∩.∩.∩..#~~####...##
##..∩.∩.∩.#~##.###'##
##...∩.∩..#n##.†##.##
##....⌠...'nM@##'n<.+
##........#~##.)##n##
#▓▓▓▓▓▓▓###~##.###'##
##hYY######~~####.n.#
#!$Y#F ##~~~#.†#..#
#∩P$+$ +#~##.#.## #?.$
~~##+## ~~


You could see 2 necrophages and Menkaure.

Vanquished Creatures
  A merfolk siren (D)
  2 necrophages (D)
  4 scorpions (D)
7 creatures vanquished.

Notes
Turn   | Place    | Note
-------+----------+-------------------------------------------
     0 | D        | dialectric the Spriggan Brigand began the quest for the
                  | Orb.
     0 | D        | Reached XP level 1. HP: 10/10 MP: 2/2
     1 | D        | Noticed a scorpion
     1 | D        | Noticed a scorpion
     1 | D        | Noticed a scorpion
     1 | D        | Noticed a scorpion
    12 | D        | Killed a scorpion
    13 | D        | Reached skill level 11 in Stealth
    13 | D        | Reached XP level 2. HP: 15/15 MP: 3/3
    13 | D        | Reached XP level 3. HP: 18/18 MP: 4/4
    16 | D        | Killed a scorpion
    17 | D        | Reached skill level 13 in Stealth
    17 | D        | Reached XP level 4. HP: 23/23 MP: 5/5
    20 | D        | Killed a scorpion
    21 | D        | Reached skill level 15 in Stealth
    21 | D        | Reached XP level 5. HP: 28/28 MP: 6/6
    52 | D        | Reached skill level 5 in Short Blades
    52 | D        | Reached skill level 16 in Stealth
   144 | D        | Noticed a merfolk siren
   167 | D        | Killed a merfolk siren
   168 | D        | Reached skill level 5 in Dodging
   168 | D        | Reached skill level 19 in Stealth
   168 | D        | Reached XP level 6. HP: 17/33 MP: 7/7
   168 | D        | Reached XP level 7. HP: 20/37 MP: 8/8
   191 | D        | Reached skill level 20 in Stealth
   201 | D        | Found Xalowyno's Antique Armour Shop.
   201 | D        | Found Juqo's Antique Weapon Shop.
   201 | D        | Found Pyum's Jewellery Boutique.
   201 | D        | Found Hatraick's Book Boutique.
   201 | D        | Found Kippuh's General Store.
   202 | D        | Found Jomycke's Weapon Boutique.
   202 | D        | Found Zorugrorph's Antique Armour Shop.
   202 | D        | Found Vaedab's Distillery.
   203 | D        | Found Nyojug's Jewellery Shop.
   203 | D        | Found Jyoruafi's Distillery.
   203 | D        | Noticed a yak
   205 | D        | Noticed a yak
   206 | D        | Found Odid's Jewellery Boutique.
   206 | D        | Found Xoepnez's Magic Scroll Shop.
   206 | D        | Noticed Menkaure
   206 | D        | Noticed a yak
   206 | D        | Noticed an oklob plant
   207 | D        | Found Arghih's Jewellery Shop.
   207 | D        | Found Tiqototh's Book Shoppe.
   207 | D        | Found Pawk's Jewellery Boutique.
   209 | D        | Noticed a polar bear
   219 | D        | Noticed a polar bear
   221 | D        | Bought a potion of heal wounds for 50 gold pieces
   223 | D        | Noticed a cane toad
   224 | D        | Bought an amulet of the acrobat for 420 gold pieces
   258 | D        | Killed from afar by Menkaure

Illustrated notes

Levels and vault maps discovered:
D:        the_violet_keep_of_menkaure [sprint2_stairs_cluster_1,
          sprint2_shoproom, sprint2_temple, sprint2_basic_supplies,
          sprint2_obstacle_7, sprint2_obstacle_3, sprint2_obstacle_6,
          sprint2_obstacle_1, sprint2_obstacle_2, sprint2_timed_cluster_1,
          sprint2_smallroom_cluster_1, sprint2_smallroom_final_cluster_1,
          sprint2_transparent_cluster_1, sprint2_second_timed_cluster_1,
          sprint2_sniper_area_1, sprint2_heavy_combat_area_1,
          sprint2_mutation_trap_area_1, sprint2_forest_area_1,
          sprint2_light_combat_area_1, sprint2_behind_water_1,
          sprint2_near_end_vault_1]

Skill      XL: |  1  2  3  4  5  6  7 |
---------------+----------------------+-----
Fighting       | 2 3 4 |  4.1
Short Blades   | 3 4 6 7 |  7.0
Dodging        | 2 3 5 |  5.6
Stealth        | 11 13 15 19 20 | 20.5
Throwing       | |  2.0

Action                     |  1- 3 |  4- 6 |  7- 9 || total
---------------------------+-------+-------+-------++-------
  Melee: Dagger            |    10 |    25 |    21 ||    56
  Throw: Dart              |     2 |    13 |       ||    15
    Use: Potion            |     1 |     2 |     1 ||     4
   Stab: Sleeping          |       |       |     2 ||     2
 Armour: Robe              |     3 |     3 |     1 ||     7
  Dodge: Dodged            |    10 |    19 |    15 ||    44

Table legend: (Time is in decaauts)
 A = Elapsed time spent in this place.
 B = Non-inter-level travel time spent in this place.
 C = Inter-level travel time spent in this place.
 D = Time resting spent in this place.
 E = Time spent auto-exploring this place.
 F = Levels seen in this place.
 G = Mean time per level.
                   A        B        C        D        E       F      G
               +--------+--------+--------+--------+--------+-----+--------+
         Total |    216 |    216 |      0 |     81 |      0 |   1 |  216.0 |
       Dungeon |    216 |    216 |      0 |     81 |      0 |   1 |  216.0 |
               +--------+--------+--------+--------+--------+-----+--------+

Top non-repeatable levels by time:
       D: 216 daAuts
